 Dungeon Crawl Stone Soup version 0.22.0-38-g04b72b8 (webtiles) character file.

99 shmeve the Skirmisher (level 4, -5/41 HPs)
             Began as a Minotaur Berserker on Aug 29, 2018.
             Was a Believer of Trog.
             Slain by a gnoll
             ... wielding a +0 spear
              (7 damage)
             ... on level 2 of the Dungeon.
             The game lasted 00:02:47 (1214 turns).

shmeve the Skirmisher (Minotaur Berserker)          Turns: 1214, Time: 00:02:47

Health: -5/41      AC:  2    Str: 22    XL:     4   Next: 45%
Magic:  3/3        EV: 12    Int:  4    God:    Trog [**....]
Gold:   89         SH:  0    Dex: 10    Spells: 3/3 levels left

rFire    . . .     SeeInvis .   a - +0 hand axe
rCold    . . .     Gourm    .   (no shield)
rNeg     . . .     Faith    .   b - +0 animal skin
rPois    .         Spirit   .   (helmet restricted)
rElec    .         Reflect  .   (no cloak)
rCorr    .         Harm     .   (no gloves)
MR       .....                  (no boots)
Stlth    +.........             (no amulet)
HPRegen  0.13/turn              (no ring)
MPRegen  0.08/turn              (no ring)

@: berserk cooldown, slowed, very slow
A: retaliatory headbutt, horns 2
a: Berserk, Trog's Hand, Renounce Religion


You were on level 2 of the Dungeon.
You worshipped Trog.
Trog was pleased with you.
You were not hungry.

You visited 1 branch of the dungeon, and saw 2 of its levels.

You collected 89 gold pieces.

Inventory:

Hand Weapons
 a - a +0 hand axe (weapon)
Armour
 b - a +0 animal skin (worn)
Scrolls
 f - 2 scrolls of identify {unknown}
 h - a scroll of remove curse {unknown}
 i - a scroll of immolation {unknown}
Potions
 e - a potion of agility {unknown}
 g - 3 potions of curing {unknown}
Comestibles
 c - 4 rations
 d - 4 chunks of flesh


   Skills:
 * Level 4.5 Fighting
 * Level 4.3 Axes
 * Level 1.9 Throwing
 + Level 3.0 Armour
 + Level 2.7 Dodging


You had 3 spell levels left.
You didn't know any spells.
Your spell library was empty.

Dungeon Overview and Level Annotations

Branches:
Dungeon (2/15)

Altars:
Trog


Innate Abilities, Weirdness & Mutations

You reflexively headbutt those who attack you in melee.
You have a pair of horns on your head.


Message History

The gnoll hits you from afar with a halberd!
The hobgoblin barely misses you.
You slash the hobgoblin!
You kill the hobgoblin!
Trog accepts your kill.
You slash the kobold!
You kill the kobold!
Trog accepts your kill.
You hit the dart slug.
The gnoll hits you from afar with a halberd of freezing.
* * * LOW HITPOINT WARNING * * *
The gnoll freezes you.
* * * LOW HITPOINT WARNING * * *
The gnoll hits you from afar with a halberd!
* * * LOW HITPOINT WARNING * * *
You are no longer berserk.
You are exhausted.
You feel yourself slow down. The gnoll closely misses you.
The gnoll hits you from afar with a spear!
You die...

....... ....... .#
....... .# ....... .#
.......####.#### .
.....g##.....# .
#lgg##.....# .
######.w@†#.....# .
###...####.†).....#
##.)..)..####......#
#)..._...)# #......#
##.........###......#
#....###....###<.####
#...##y##...# #..#
#....###....# #..#
#...........###..#


You could see 3 gnolls, a dart slug and a frilled lizard.

Vanquished Creatures
  Jessica (D:2)
  2 adders (D:2)
  2 oozes (D:1)
  2 worms (D:2)
  A dart slug (D:1)
  A leopard gecko (D:1)
  2 bats (D:1)
  2 giant cockroaches
  4 goblins
  4 hobgoblins
  2 jackals (D:1)
  5 kobolds
  A quokka (D:2)
  A ball python (D:1)
  A frilled lizard (D:2)
  9 rats
40 creatures vanquished.

Notes
Turn   | Place    | Note
-------+----------+-------------------------------------------
     0 | D:1      | shmeve the Minotaur Berserker began the quest for the Orb.
     0 | D:1      | Reached XP level 1. HP: 19/19 MP: 0/0
    49 | D:1      | Reached XP level 2. HP: 24/27 MP: 1/1
   232 | D:1      | Reached skill level 1 in Throwing
   409 | D:1      | Reached XP level 3. HP: 28/33 MP: 2/2
   492 | D:1      | Reached ** piety under Trog
   745 | D:2      | Noticed a moth of wrath
   748 | D:2      | Found a bloodstained altar of Trog.
  1143 | D:2      | Noticed Jessica
  1148 | D:2      | Killed Jessica
  1148 | D:2      | Reached XP level 4. HP: 41/41 MP: 3/3
  1213 | D:2      | HP: 3/61 [gnoll/halberd (14)]
  1214 | D:2      | Slain by a gnoll

Skill      XL: |  1  2  3  4 |
---------------+-------------+-----
Fighting       | 4 |  4.5
Throwing       | 1 |  1.9
Axes           | 4 |  4.3
Armour         | 3 |  3.0
Dodging        | |  2.7

Action                   |  1- 3 |  4- 6 || total
-------------------------+-------+-------++-------
Melee: Hand axe          |    56 |    11 ||    67
       Headbutt          |    12 |       ||    12
Invok: Berserk           |     2 |     1 ||     3
  Eat: Chunk             |     1 |     2 ||     3
Armor: Animal skin       |     6 |     2 ||     8
Dodge: Dodged            |    46 |    15 ||    61
